 Dungeon Sprint DCSS version 0.30-a0-881-g1ff12e1e11 (webtiles) character file.

Game seed: 3439899043154775470

485 testman the Fighter (level 6, -3/71 HPs)
             Began as an Armataur Fighter on Mar 14, 2023.
             Was an Initiate of Jiyva.
             Slain by Sonja
             ... wielding a +0 dagger of distortion
              (15 damage)
             ... in the Dungeon (Sprint I: "Red Sonja").
             The game lasted 00:02:02 (313 turns).

testman the Fighter (Armataur Fighter)               Turns: 313, Time: 00:02:03

Health: -3/71      AC:  6    Str: 23    XL:     6   Next: 88%
Magic:  6/6        EV:  9    Int:  8    God:    Jiyva [......]
Gold:   189        SH:  4    Dex: 10    Spells: 5/5 levels left

rFire   . . .      SeeInvis .    a - +0 flail
rCold   . . .      Faith    .    c - +0 buckler
rNeg    . . .      Spirit   .    k - +2 robe {Will+}
rPois   .          Reflect  .    (no helmet)
rElec   .          Roll     +    (no cloak)
rCorr   .          NoTele   +    (no gloves)
Will    +....                    (no barding)
Stlth   +                        (no amulet)
HPRegen 0.31/turn                (no ring)
MPRegen 0.10/turn                (no ring)

@: no status effects
A: large, rugged brown scales 3, deformed body, armoured tail, roll, long
tongue, awkward tongue
a: Renounce Religion


You were in the Dungeon.
You worshipped Jiyva.
Jiyva was noncommittal.
You visited 1 branch You collected 189 gold pieces.

Inventory:

Hand Weapons
 a - a +0 flail (weapon)
Armour
 b - a +0 scale mail
 c - a +0 buckler (worn)
 k - a +2 robe of willpower (worn)
Wands
 i - a wand of roots (11)
Scrolls
 j - a scroll of blinking
Potions
 d - a potion of mutation {unknown}
 e - a potion of curing
 g - a potion of haste
 h - 2 potions of magic


   Skills:
 + Level 10.9 Fighting
 + Level 8.5 Maces & Flails
 - Level 3.6 Armour
 - Level 4.0 Shields


You had 5 spell levels left.
You didn't know any spells.
Your spell library was empty.

Dungeon Overview and Level Annotations

Branches:
Dungeon (1/1)

Altars:
Cheibriados
Dithmenos
Fedhas
Gozag
Hepliaklqana
Kikubaaqudgha
Makhleb
Okawaru
Qazlal
Ru
Sif Muna
Trog
Uskayaw
Vehumet
Wu Jian
Xom
Yredelemnul
Zin
Jiyva
Lugonu

Shops:
D ?

Annotations:
D Sonja


Innate Abilities, Weirdness & Mutations

You are completely covered in rugged brown scales. (AC +3, +7% HP)
Armour fits poorly on your strangely shaped body.
You have a long armoured tail.
You roll when moving toward enemies. (Rampage)
Your long tongue fully drains potion bottles. (2x potion effects)
Your tongue gives you trouble enunciating. (1.5x scroll delay)


Message History

The curare-tipped dart closely misses you.
You miss Sonja.
You hear a distant slurping noise.
Sonja barely misses you. Sonja hits you but does no damage.
Space warps horribly around you!
Sonja hits you with a +0 dagger of distortion.
You sock Sonja!
Sonja is heavily wounded.
Sonja hits you but does no damage.
Sonja hits you with a +0 dagger of distortion.
Space warps around you. Sonja closely misses you.
You completely miss Sonja.
Sonja is heavily wounded.
Sonja barely misses you.
Sonja hits you with a +0 dagger of distortion.
Space warps horribly around you!
* * * LOW HITPOINT WARNING * * *
Sonja hits you with a +0 dagger of distortion.
* * * LOW HITPOINT WARNING * * *
Space warps around you.
* * * LOW HITPOINT WARNING * * *
You slurp down every last drop of the potion of heal wounds!
You feel much better.
Sonja hits you with a +0 dagger of distortion.
Sonja hits you but does no damage. x2; Sonja closely misses you.
Sonja hits you but does no damage. Space warps around you.
Sonja hits you but does no damage.
You barely miss Sonja.
Sonja is heavily wounded.
Sonja hits you with a +0 dagger of distortion.
Sonja hits you but does no damage. Space warps horribly around you!
Sonja barely misses you.
You hear a distant slurping noise. x2
You completely miss Sonja.
Sonja is heavily wounded.
Sonja hits you with a +0 dagger of distortion.
Space warps horribly around you!!
* * * LOW HITPOINT WARNING * * *
Sonja hits you but does no damage. Space warps horribly around you!
You die...

###################
#<.#..').#..'..#__#...
#..').#..').#..'.....#
#..#####'#####'#__# #
#..# #..#...#@####.§#
#..# _####..##K#~~~Gc#
#..# ____##.#_..§~§§
#⌠⌠#_.∩.K....._#§~§.c#
####_..__##_.#'##§####


____ ##'#.# .. ### #.### ## $§$ $.$ You could see Sonja.

Vanquished Creatures
  A slime creature (D)
  Sigmund (D)
  A yak (D)
  An ogre (D)
  Ijyb (D)
5 creatures vanquished.

Vanquished Creatures (others)
  An unseen horror (D)
  A floating eye (D)
  8 jellies (D)
10 creatures vanquished.

Grand Total: 15 creatures vanquished

Notes
Turn   | Place    | Note
-------+----------+-------------------------------------------
     0 | D        | testman the Armataur Fighter began the quest for the Orb.
     0 | D        | Reached XP level 1. HP: 19/19 MP: 1/1
     1 | D        | Noticed Ijyb
     7 | D        | Killed Ijyb
     8 | D        | Reached skill level 4 in Fighting
     8 | D        | Reached XP level 2. HP: 29/29 MP: 2/2
    11 | D        | Noticed an ogre
    15 | D        | Killed an ogre
    16 | D        | Reached skill level 7 in Fighting
    16 | D        | Reached XP level 3. HP: 41/41 MP: 3/3
    16 | D        | Reached XP level 4. HP: 50/50 MP: 4/4
    18 | D        | Noticed Sigmund
    26 | D        | Killed Sigmund
    27 | D        | Reached skill level 9 in Fighting
    27 | D        | Reached XP level 5. HP: 42/60 MP: 5/5
    27 | D        | Reached XP level 6. HP: 47/68 MP: 6/6
    98 | D        | Found a burning altar of Makhleb.
    98 | D        | Found a viscous altar of Jiyva.
    98 | D        | Found a shimmering altar of Xom.
    98 | D        | Found a corrupted altar of Lugonu.
    98 | D        | Noticed a slime creature
   104 | D        | Killed a slime creature
   105 | D        | Reached skill level 10 in Fighting
   270 | D        | Became a worshipper of Jiyva Judarphi the Shapeless
   272 | D        | Found an ornate altar of the Wu Jian Council.
   272 | D        | Found a shimmering blue altar of Sif Muna.
   274 | D        | Found a radiant altar of Vehumet.
   275 | D        | Killed an unseen horror
   284 | D        | Noticed a floating eye
   294 | D        | Found Worghoemp's Magic Scroll Emporium.
   294 | D        | Found an ancient bone altar of Kikubaaqudgha.
   294 | D        | Found a hazy altar of Hepliaklqana.
   294 | D        | Found a hide-covered altar of Uskayaw.
   294 | D        | Found a basalt altar of Yredelemnul.
   294 | D        | Found an opulent altar of Gozag.
   294 | D        | Found a snail-covered altar of Cheibriados.
   294 | D        | Found a sacrificial altar of Ru.
   294 | D        | Found a shadowy altar of Dithmenos.
   294 | D        | Noticed a yak
   295 | D        | Found a stormy altar of Qazlal.
   295 | D        | Found a blossoming altar of Fedhas.
   295 | D        | Found a bloodstained altar of Trog.
   295 | D        | Found an iron altar of Okawaru.
   295 | D        | Found a glowing silver altar of Zin.
   297 | D        | Noticed Sonja
   300 | D        | Noticed a centaur warrior
   300 | D        | Noticed a centaur warrior
   305 | D        | Killed a yak
   307 | D        | Killed a floating eye
   313 | D        | Slain by Sonja

Illustrated notes

Levels and vault maps discovered:
D:        dungeon_sprint_1 [red_sonja_temple_1, red_sonja_temple_small_1]

Skill      XL: |  1  2  3  4  5  6 |
---------------+-------------------+-----
Fighting       | 4 7 9 10 | 10.9
Maces & Flails | 3 4 7 8 |  8.5
Shields        | 4 |  4.0
Armour         | |  3.6

Action                     |  1- 3 |  4- 6 || total
---------------------------+-------+-------++-------
  Melee: Flail             |     8 |    22 ||    30
         Tailslap          |     1 |     3 ||     4
    Use: Potion            |     1 |     2 ||     3
 Armour: Scale mail        |     3 |       ||     3
         Robe              |       |     9 ||     9
  Dodge: Dodged            |     2 |     7 ||     9

Table legend: (Time is in decaauts)
 A = Elapsed time spent in this place.
 B = Non-inter-level travel time spent in this place.
 C = Inter-level travel time spent in this place.
 D = Time resting spent in this place.
 E = Time spent auto-exploring this place.
 F = Levels seen in this place.
 G = Mean time per level.
                   A        B        C        D        E       F      G
               +--------+--------+--------+--------+--------+-----+--------+
         Total |    318 |    318 |      0 |    198 |      0 |   1 |  318.0 |
       Dungeon |    318 |    318 |      0 |    198 |      0 |   1 |  318.0 |
               +--------+--------+--------+--------+--------+-----+--------+

Top non-repeatable levels by time:
       D: 318 daAuts
